 Dungeon Crawl Stone Soup version 0.30.1 (webtiles) character file.

Game seed: 535061011334229789

263 Fodor the Covered (level 5, -12/48 HPs)
             Began as a Minotaur Fighter on July 8, 2023.
             Killed by nerve-wracking pain
             ... invoked by Grinder
              (13 damage)
             ... on level 3 of the Dungeon.
             The game lasted 00:09:59 (1799 turns).

Fodor the Covered (Minotaur Fighter)                Turns: 1799, Time: 00:10:00

Health: -12/48     AC: 12    Str: 23    XL:     5   Next: 97%
Magic:  4/4        EV:  8    Int:  5    God:
Gold:   120        SH:  4    Dex:  9    Spells: 4/4 levels left

rFire   . . .        a - +0 long sword
rCold   . . .        c - +0 buckler
rNeg    . . .        e - +0 chain mail
rPois   .            (helmet restricted)
rElec   .            g - +0 cloak
rCorr   .            (no gloves)
SInv    .            m - +0 pair of boots
Will    .....        (no amulet) Stlth
                     (no ring)
HPRegen 0.28/turn    (no ring)
MPRegen 0.09/turn

%: no passive effects
@: no status effects
A: horns 2, retaliatory headbutt
a: no special abilities


You were on level 3 of the Dungeon.
You visited 1 branch of the dungeon, and saw 3 of its levels.

You collected 120 gold pieces.

Inventory:

Hand Weapons
 a - a +0 long sword (weapon)
Missiles
 n - 3 atropa-tipped darts (quivered)
Armour
 c - a +0 buckler (worn)
 e - a +0 chain mail (worn)
 g - a +0 cloak (worn)
 m - a +0 pair of boots (worn)
Scrolls
 b - a scroll of fog {unknown}
 i - a scroll of identify {unknown}
 j - a scroll of enchant armour {unknown}
 k - 2 scrolls of fear {unknown}
Potions
 d - 2 potions of might
 f - a potion of heal wounds {unknown}
 h - a potion of degeneration {unknown}
 l - a potion of magic {unknown}


   Skills:
 + Level 5.1 Fighting
 + Level 4.0 Long Blades
 + Level 5.3 Armour
 + Level 0.7 Dodging
 + Level 0.3 Stealth
 + Level 4.7 Shields


You had 4 spell levels left.
You didn't know any spells.
Your spell library contained the following spells:

 Spells                   Type           Power      Damage    Failure   Level
 Kiss of Death            Conj/Necr      0%         2d5       98%         1
 Magic Dart               Conj           0%         1d3       98%         1
 Call Imp                 Summ           0%         N/A       99%         2
 Cigotuvi's Dreadful Rot  Necr/Pois/Air  0%         N/A       99%         2
 Confusing Touch          Hex            0%         N/A       100%        3
 Mephitic Cloud           Conj/Pois/Air  0%         N/A       100%        3
 Stone Arrow              Conj/Erth      0%         3d7       100%        3
 Animate Armour           Summ/Erth      0%         N/A       100%        4
 Dispel Undead            Necr           0%         3d6       100%        4
 Death Channel            Necr           0%         N/A       100%        6
 Lehudib's Crystal Spear  Conj/Erth      0%         10d2      100%        8


Dungeon Overview and Level Annotations

Branches:
Dungeon (3/15)

Altars:

Annotations:
D:3 Grinder


Innate Abilities, Weirdness & Mutations

You have a pair of horns on your head.
You reflexively headbutt those who attack you in melee.


Message History

a +0 short sword; an orc corpse; a dart slug corpse Grinder attacks as you move away!
You block Grinder's attack. Grinder attacks as you move away! Grinder hits you.
* * * LOW HITPOINT WARNING * * *
Grinder gestures at you. Pain shoots through your body!
* * * LOW HITPOINT WARNING * * *
Grinder blinks!
You slash Grinder!
Grinder is heavily wounded.
Grinder hits you but does no damage.
You barely miss Grinder.
Grinder is heavily wounded.
Grinder blinks!
Grinder blinks!
Grinder attacks as you move away! Grinder hits you.
* * * LOW HITPOINT WARNING * * *
You writhe in agony.
* * * LOW HITPOINT WARNING * * *
Grinder says, "Tell me all your secrets, or I'll kill you."
Grinder attacks as you move away! Grinder barely misses you.
Grinder says, "Mostly I couldn't keep them alive."
Grinder blinks!
You hit Grinder.
Grinder is heavily wounded.
Grinder hits you.
* * * LOW HITPOINT WARNING * * *
You writhe in agony.
* * * LOW HITPOINT WARNING * * *
You slash Grinder! You headbutt Grinder.
Grinder is almost dead.
Grinder closely misses you. Grinder hits you.
* * * LOW HITPOINT WARNING * * *
You writhe in agony.
* * * LOW HITPOINT WARNING * * *
You hit Grinder but do no damage.
Grinder is almost dead.
Grinder gestures at you. Pain shoots through your body!
You die...

#.#
#.#
#.#
#.#
#.#
#.# #.
#.# #.
#.# #.
#@# #.
#5#
##)##
###.#
#<..##
#...#
#.#..#
#.###
#....#
#.#
####.#
#.#
#.#
#.#
#.#
#.#


You could see Grinder.

Vanquished Creatures
  Sigmund (D:2)
  Terence (D:3)
  An adder (D:2)
  5 dart slugs
  An orc (D:3)
  3 ball pythons (D:1)
  3 bats (D:1)
  4 endoplasms
  3 giant cockroaches
  4 goblins
  6 hobgoblins
  2 kobolds
  A quokka (D:1)
  4 frilled lizards
  7 rats
46 creatures vanquished.

Notes
Turn   | Place    | Note
-------+----------+-------------------------------------------
     0 | D:1      | Fodor the Minotaur Fighter began the quest for the Orb.
     0 | D:1      | Reached XP level 1. HP: 19/19 MP: 0/0
   229 | D:1      | Reached XP level 2. HP: 27/27 MP: 1/1
   490 | D:1      | Reached XP level 3. HP: 32/33 MP: 2/2
  1164 | D:2      | Noticed Sigmund
  1175 | D:2      | Killed Sigmund
  1176 | D:2      | Reached skill level 5 in Armour
  1176 | D:2      | Reached XP level 4. HP: 20/41 MP: 3/3
  1176 | D:2      | Reached XP level 5. HP: 23/47 MP: 4/4
  1456 | D:2      | Reached skill level 5 in Fighting
  1687 | D:3      | Noticed Terence
  1693 | D:3      | Killed Terence
  1741 | D:3      | Noticed Grinder
  1751 | D:3      | Paralysed by Grinder for 3 turns
  1798 | D:3      | HP: 1/48 [Grinder (4)]
  1799 | D:3      | Killed from afar by Grinder

Illustrated notes

Levels and vault maps discovered:
D:1:      minmay_arrival_floating_metal, layout_loops_ring, hex_large
D:2:      layout_basic, uniq_sigmund
D:3:      layout_loops_ring, gammafunk_ghost_smash, uniq_terence, uniq_grinder

Skill      XL: |  1  2  3  4  5 |
---------------+----------------+-----
Fighting       | 4 5 |  5.1
Armour         | 4 5 |  5.3
Shields        | 4 |  4.7
Long Blades    | 3 4 |  4.0
Dodging        | |  0.7
Stealth        | |  0.3

Action                     |  1- 3 |  4- 6 || total
---------------------------+-------+-------++-------
  Melee: Long sword        |    60 |    56 ||   116
         Headbutt          |    12 |    10 ||    22
 Armour: Chain mail        |    23 |    33 ||    56
  Dodge: Dodged            |    24 |    16 ||    40
  Block: Buckler           |    13 |     6 ||    19
